 Dungeon Crawl Stone Soup version 0.29-a0-866-g0545e20025 (webtiles) character file.

Game seed: 4468770968009919591

11271 Conn the Arsonist (level 11, -12/66 HPs)
             Began as an Octopode Fire Elementalist on July 17, 2022.
             Was a Believer of Sif Muna.
             Mangled by a wyvern (15 damage)
             ... on level 11 of the Dungeon.
             The game lasted 00:39:32 (14489 turns).

Conn the Arsonist (Octopode Fire Elementalist)     Turns: 14489, Time: 00:39:32

Health: -12/66     AC:  1    Str: 13    XL:     11   Next: 75%
Magic:  9/24       EV: 14    Int: 22    God:    Sif Muna [**....]
Gold:   77         SH:  0    Dex: 12    Spells: 12/28 levels left

rFire   . . .      SeeInvis .   a - +11 short sword of Corruption {spect, rF- rN+ rCorr Int+2}
rCold   x . .      Faith    .   (no shield)
rNeg    + . .      Spirit   .   (helmet restricted)
rPois   .          Reflect  .   y - necklace of Bloodlust {*Rage Will++ Int-3 Slay+6}
rElec   .          Harm     .   q - +6 ring of strength
rCorr   +          Rampage  .   I - ring of fire
Will    ++...      Rage     50% (no ring)
Stlth   ++++......              (no ring)
HPRegen 0.21/turn               (no ring)
MPRegen 0.19/turn               (no ring)
                                (no ring)
                                (no ring)

@: no status effects
A: almost no armour, amphibious, 8 rings, camouflage 1, gelatinous body 1,
(nimble swimmer 1), tentacles
a: Renounce Religion, Channel Magic


You were on level 11 of the Dungeon.
You worshipped Sif Muna.
Sif Muna was pleased with you.
You visited 1 branch of the dungeon, and saw 12 of its levels.

You collected 496 gold pieces.
You spent 419 gold pieces at shops.

Inventory:

Hand Weapons
 a - the +11 short sword of Corruption (weapon) {spect, rF- rN+ rCorr Int+2}
   (You found it on level 3 of the Dungeon)

   When its wielder attacks, the weapon's spirit leaps out and strikes again.
   The spirit shares a part of any damage it takes with its wielder.
   Int:       It affects your intelligence (+2).
   rF:        It makes you vulnerable to fire.
   rN:        It protects you from negative energy.
   rCorr:     It protects you from acid and corrosion.
 c - a +0 dagger
 r - a +3 falchion of electrocution
 s - a +3 dagger of flaming
Missiles
 d - 45 poisoned darts (quivered)
 o - 2 curare-tipped darts
Magical Staves
 b - a staff of conjuration
Jewellery
 q - a +6 ring of strength (left tentacle)
 y - the necklace of Bloodlust (around mantle) {*Rage Will++ Int-3 Slay+6}
   (You found it on level 6 of the Dungeon)

   [amulet of nothing]

   It extends the wearer's berserk rage when killing foes.
   Int:       It affects your intelligence (-3).
   Slay:      It affects your accuracy & damage with ranged weapons and melee
   (+6).
   *Rage:     It berserks you when you make melee attacks (+50% chance).
   Will:      It greatly increases your willpower.
 I - a ring of fire (right tentacle)
Wands
 v - a wand of mindburst (14)
 G - a wand of acid (7)
 H - a wand of flame (12)
Scrolls
 e - 5 scrolls of teleportation
 j - 2 scrolls of enchant weapon
 k - 2 scrolls of vulnerability
 l - a scroll of magic mapping
 m - 2 scrolls of identify
 u - a scroll of immolation
Potions
 f - 7 potions of flight
 g - 2 potions of might
 n - a potion of brilliance
 D - a potion of mutation
 F - 3 potions of attraction


   Skills:
 + Level 2.8 Fighting
 + Level 3.9 Short Blades
 + Level 3.9 Dodging
 + Level 7.6 Stealth
 + Level 9.4 Spellcasting
 * Level 7.8 Conjurations
 + Level 2.1 Hexes
 + Level 4.3 Summonings
 + Level 9.6 Fire Magic
 * Level 2.4 Invocations
 + Level 0.2 Evocations


You had 12 spell levels left.
You knew the following spells:

 Your Spells              Type           Power      Damage    Failure   Level
a - Foxfire               Conj/Fire      100%       2x1d9     1%          1
b - Conjure Flame         Conj/Fire      65%        6-21      1%          3
c - Inner Flame           Hex/Fire       53%        N/A       1%          3
d - Flame Wave            Conj/Fire      65%        2d12      1%          4
e - Scorch                Fire           100%       2d10      1%          2
f - Call Canine Familiar  Summ           29%        N/A       3%          3

Your spell library contained the following spells:

 Spells                   Type           Power      Damage    Failure   Level
 Ensorcelled Hibernation  Hex/Ice        30%        N/A       6%          2
 Portal Projectile        Hex/Tloc       30%        N/A       12%         3
 Spider Form              Tmut/Pois      10%        N/A       19%         3
 Anguish                  Hex/Necr       7%         N/A       38%         4
 Leda's Liquefaction      Hex/Erth       7%         N/A       38%         4
 Corpse Rot               Necr/Pois/Air  10%        N/A       54%         4
 Dispel Undead            Necr           10%        3d9       54%         4
 Death Channel            Necr           5%         N/A       100%        6


Dungeon Overview and Level Annotations

Branches:
Dungeon (12/15)            Temple (0/1) D:6            Lair (0/6) D:10
    Orc (0/2) D:11

Altars:
Ashenzari
Fedhas
Qazlal
Ru
Sif Muna
Wu Jian
Xom
Yredelemnul
Zin
The Shining One

Shops:
D:8 !?**(   D:10 =

Portals:
Trove: D:11 (give 5 scrolls of fear)

Annotations:
D:10 exclusion: orange crystal statue


Innate Abilities, Weirdness & Mutations

You cannot wear most types of armour.
You are amphibious.
You can wear up to eight rings at the same time.
Your skin changes colour to match your surroundings (Stealth+).
Your rubbery body absorbs attacks. (AC +1, EV +1)
((You are camouflaged when in or above water. (Stealth+)))
You have tentacles for arms and can constrict up to eight enemies at once.


Message History

Confirm with . or Enter, or press ? or * to list all spells.
Okay, then.
Okay, then.
Okay, then.
Okay, then.
Okay, then.
Casting: Scorch (safe; 1% risk of failure)
Confirm with . or Enter, or press ? or * to list all spells.
The acid dragon changes into a scorpion!
You swap places.
The wyvern misses your hound.
Your hound bites the wyvern.
The killer bee barely misses your hound.
The scorpion struggles against the net.
The wyvern misses your hound.
Casting: Call Canine Familiar (dangerous; 3% risk of failure)
Confirm with . or Enter, or press ? or * to list all spells.
Okay, then.
Unknown command.
The killer bee stings your hound.
Your hound misses the killer bee. The wyvern barely misses your hound.
The scorpion struggles against the net.
The killer bee stings your hound.
Your hound is poisoned.
The killer bee poisons your hound!
Your hound misses the killer bee. The killer bee stings your hound!
Your hound dies!
Your hound's corpse disappears in a puff of smoke!
The scorpion struggles against the net.
Things that are here:
a yak corpse; a yak corpse
Okay, then.
Okay, then.
Casting: Call Canine Familiar (dangerous; 3% risk of failure)
Confirm with . or Enter, or press ? or * to list all spells.
The scorpion struggles against the net.
The net rips apart, and the scorpion comes free!
Okay, then.
Okay, then.
Okay, then.
The wyvern attacks as you move away! The wyvern misses you.
You hear the quick crackling of a melting archway nearby.
The wyvern bites you!
You die...

#...# ## .#.#
##. #..#
#..##..### ###
#..#....# #§.
##....#.### #§#
##.......# #§#
#.......#####.#
#...s..§.yl@h.#
+...###########
#...# #...#
##..>#
##....#######
#....O.......
#..###Y.....##
...# #.Y......


You could see a wyvern (ally target), a scorpion shaped shifter, a killer bee
and a friendly hound (summoned).

Vanquished Creatures
  A boulder beetle (D:11)
  The ghost of 27snakeeyes612 the Fighter, a novice MiBe of Trog (D:9)
  2 two-headed ogres
  An unseen horror zombie (D:9)
  2 trolls
  A hornet (D:10)
  A shadow (D:10)
  A wraith (D:9)
  Eustachio (D:4)
  16 yaks
  2 steam dragons
  7 vampire mosquitoes (D:10)
  Menkaure (D:5)
  A water moccasin (D:6)
  2 orc warriors
  A sky beast (D:6)
  4 ogres
  2 centaurs
  A phantom (D:7)
  2 kobold brigands
  3 bullfrogs
  A scorpion (D:6)
  17 wights
  9 killer bees
  5 howler monkeys
  2 electric eels (D:10)
  A centaur zombie (D:9)
  5 hounds
  2 quasits (D:7)
  8 orc priests
  Crazy Yiuf (D:3)
  4 jellies
  5 iguanas
  8 orc wizards
  10 adders
  A river rat (D:6)
  2 shadow imps (D:7)
  A white imp (D:7)
  2 ufetubi (D:7)
  A worm (D:5)
  3 dart slugs
  21 orcs
  9 endoplasms
  5 giant cockroaches
  5 goblins
  6 hobgoblins
  2 jackals (D:1)
  15 kobolds
  4 quokkas
  6 ball pythons
  4 bats (D:1)
  8 frilled lizards
  10 rats
  A butterfly (D:6)
237 creatures vanquished.

Vanquished Creatures (collateral kills)
  A foxfire (D:7)
1 creature vanquished.

Vanquished Creatures (others)
  719 foxfires
719 creatures vanquished.

Grand Total: 957 creatures vanquished

Notes
Turn   | Place    | Note
-------+----------+-------------------------------------------
     0 | D:1      | Conn the Octopode Fire Elementalist began the quest for the
                  | Orb.
     0 | D:1      | Reached XP level 1. HP: 11/11 MP: 3/3
   173 | D:1      | Reached XP level 2. HP: 17/17 MP: 1/5
   281 | D:1      | Found a faded altar of an unknown god.
   511 | D:1      | Reached XP level 3. HP: 10/21 MP: 1/6
  1470 | D:2      | Learned a level 2 spell: Scorch
  1474 | D:2      | Learned a level 3 spell: Conjure Flame
  1640 | D:2      | Reached XP level 4. HP: 27/27 MP: 2/7
  1666 | D:3      | Identified the +11 short sword of Corruption {spect, rF-
                  | rN+ rCorr Int+2}
  2317 | D:2      | Found a broken altar of Ashenzari.
  2609 | D:2      | Reached XP level 5. HP: 31/31 MP: 5/8
  3517 | D:3      | Found a runed translucent door.
  3518 | D:3      | Noticed Crazy Yiuf
  3525 | D:3      | Learned a level 3 spell: Inner Flame
  4005 | D:3      | Killed Crazy Yiuf
  4249 | D:4      | Reached XP level 6. HP: 36/36 MP: 11/11
  4499 | D:4      | Reached skill level 5 in Stealth
  4583 | D:4      | Noticed Eustachio
  4588 | D:4      | Killed Eustachio
  4589 | D:4      | Reached skill level 1 in Short Blades
  4589 | D:4      | Reached XP level 7. HP: 42/42 MP: 4/13
  5008 | D:5      | Entered Level 5 of the Dungeon
  5010 | D:5      | Found a shimmering blue altar of Sif Muna.
  5643 | D:5      | Reached skill level 1 in Fighting
  5643 | D:5      | Reached skill level 5 in Fire Magic
  5643 | D:5      | Reached XP level 8. HP: 14/48 MP: 0/15
  5855 | D:5      | Reached skill level 5 in Spellcasting
  5957 | D:5      | Noticed Menkaure
  5963 | D:5      | Killed Menkaure
  6411 | D:5      | Became a worshipper of Sif Muna the Loreminder
  6854 | D:6      | Reached XP level 9. HP: 45/54 MP: 0/18
  7078 | D:6      | Found the necklace of Bloodlust {*Rage Will++ Int-3 Slay+6}
  7383 | D:6      | Reached * piety under Sif Muna
  7510 | D:6      | Reached skill level 5 in Conjurations
  7659 | D:6      | Found a staircase to the Ecumenical Temple.
  7971 | D:7      | Found a shimmering altar of Xom.
  8043 | D:7      | Found an ornate altar of the Wu Jian Council.
  8503 | D:7      | Found a glowing golden altar of the Shining One.
  8786 | D:8      | Found Hawyst's Weapon Shop.
  8856 | D:8      | Found a glowing silver altar of Zin.
  8870 | D:8      | Learned a level 4 spell: Flame Wave
  8874 | D:8      | Learned a level 3 spell: Call Canine Familiar
  9364 | D:8      | Found Waesoump's General Store.
  9373 | D:8      | Bought a ring of fire for 275 gold pieces
  9386 | D:8      | Found Qaafifa's Magic Scroll Boutique.
  9390 | D:8      | Reached XP level 10. HP: 60/60 MP: 15/20
  9402 | D:8      | Bought a scroll of blinking for 105 gold pieces
  9626 | D:8      | Found Simpaseq's Distillery.
  9637 | D:8      | Bought a potion of curing for 39 gold pieces
  9691 | D:8      | Found Plog's Assorted Antiques.
  9730 | D:8      | Reached skill level 1 in Summonings
 10684 | D:9      | Reached skill level 1 in Hexes
 10810 | D:9      | Found a blossoming altar of Fedhas.
 10854 | D:9      | Reached ** piety under Sif Muna
 10967 | D:9      | Found a runed translucent gate.
 10967 | D:9      | Found a runed translucent gate.
 10967 | D:9      | Found a runed translucent gate.
 10967 | D:9      | Noticed 27snakeeyes612's ghost (novice MiBe)
 11025 | D:9      | Found a basalt altar of Yredelemnul.
 11046 | D:9      | Killed 27snakeeyes612's ghost
 11695 | D:10     | Entered Level 10 of the Dungeon
 11972 | D:10     | Found Erootrei's One-of-a-Kind Rings.
 12032 | D:10     | Noticed a two-headed ogre
 12076 | D:10     | Killed a two-headed ogre
 12077 | D:10     | Reached XP level 11. HP: 64/64 MP: 14/23
 12256 | D:10     | Paralysed by a hornet for 1 turns
 12959 | D:10     | Found a sacrificial altar of Ru.
 12960 | D:10     | Found a stormy altar of Qazlal.
 13091 | D:10     | Noticed an orange crystal statue
 13141 | D:10     | Found a staircase to the Lair.
 13971 | D:11     | Noticed a boulder beetle
 13985 | D:11     | HP: 2/66 [boulder beetle (27)]
 13987 | D:11     | Found a portal to a secret trove of treasure.
 13992 | D:11     | Killed a boulder beetle
 14016 | D:12     | Reached skill level 1 in Invocations
 14388 | D:11     | Noticed a two-headed ogre
 14388 | D:11     | Found a staircase to the Orcish Mines.
 14410 | D:11     | Killed a two-headed ogre
 14481 | D:11     | HP: 2/66 [killer bee (9)]
 14489 | D:11     | Mangled by a wyvern

Illustrated notes

Levels and vault maps discovered:
D:1:      saegor_arrival_simple_e, layout_loops_ring,
          hellmonk_ecumenical_altar_slurped_away, reono_crystal_passage
D:2:      cheibrodos_pilgrimage, layout_basic, basic_altar
D:3:      layout_basic, grunt_ministairs_15, fountainhead,
          minmay_misc_feat_rugged, minmay_stone_trees_small, serial_park_tiny_1,
          uniq_crazy_yiuf_cottage
D:4:      layout_gridville, uniq_eustachio
D:5:      layout_cave_pools, mainiacjoe_overflow_cross_hatched,
          hangedman_abyss_or_decor_stagger, uniq_menkaure
D:6:      layout_cave_pools, minmay_temple_entry_butterflies,
          gup_sewer_entry_spiral, patterned_corridor
D:7:      layout_basic, lemuel_crystal_altar, overflow_temple_1_default,
          tso_altar, serial_demonic, serial_demonic_b, serial_demonic_f,
          serial_demonic_b, serial_demonic_b
D:8:      layout_cave_pools, amcnicky_altar_gilded, serial_shops, shop,
          nicolae_shop_competitors_out_of_business, nicolae_shop_statue_plus,
          nicolae_square_shop, nicolae_shop_window_shopping
D:9:      layout_long_grid, fedhas_altar_1, nicolae_yredelemnul_ghost_church,
          kennysheep_pointless_box, hex_tiny
D:10:     layout_basic, nicolae_overflow_squiral, lair_entry_dummy,
          nicolae_shop_unique_rings, minmay_statue_bubble
D:11:     minmay_the_grid_octo_2x2 [minmay_the_grid_octo_chip,
          minmay_the_grid_octo_teeth, minmay_the_grid_octo_toaster,
          minmay_the_grid_octo_prize_star], layout_basic, portal_ice_cave_rime,
          nicolae_trove_entry_isolated, nicolae_looking_at_the_future,
          uniq_fannar
D:12:     layout_loops_corners

Skill      XL: |  1  2  3  4  5  6  7  8  9 10 11 |
---------------+----------------------------------+-----
Stealth        | 3 4 5 6 7 |  7.6
Conjurations   | 2 3 4 5 7 |  7.8
Spellcasting   | 3 4 6 7 8 9 |  9.4
Fire Magic     | 4 5 6 7 9 |  9.6
Short Blades   | 1 2 3 |  3.9
Fighting       | 1 2 |  2.8
Dodging        | 3 |  3.9
Summonings     | 3 4 |  4.3
Hexes          | 2 |  2.1
Invocations    | 2 |  2.4
Evocations     | |  0.2

Action                   |  1- 3 |  4- 6 |  7- 9 | 10-12 || total
-------------------------+-------+-------+-------+-------++-------
Melee: Dagger            |    26 |       |       |       ||    26
       Tentacles         |    11 |     3 |     4 |     7 ||    25
       Unarmed           |     2 |       |       |       ||     2
       Constrict         |     6 |     6 |     8 |     2 ||    22
       Short sword       |       |    16 |    36 |    31 ||    83
       Punch             |       |       |       |     1 ||     1
Throw: Dart              |       |       |       |     1 ||     1
       Throwing net      |       |       |       |     1 ||     1
 Cast: Foxfire           |    57 |    72 |   182 |   110 ||   421
       Scorch            |       |     6 |    25 |    47 ||    78
       Conjure Flame     |       |       |     2 |    11 ||    13
       Inner Flame       |       |       |     2 |    15 ||    17
       Flame Wave        |       |       |       |     5 ||     5
       Call Canine Famil |       |       |       |     8 ||     8
Evoke: Wand              |       |       |     1 |     2 ||     3
  Use: Scroll            |       |     3 |     5 |    17 ||    25
       Potion            |       |       |     5 |    12 ||    17
 Stab: Sleeping          |     3 |     2 |     9 |       ||    14
       Distracted        |       |       |     1 |       ||     1
Armor: Skin              |     2 |     1 |     3 |     8 ||    14
Dodge: Dodged            |    21 |     1 |    32 |    32 ||    86

Table legend: (Time is in decaauts)
 A = Elapsed time spent in this place.
 B = Non-inter-level travel time spent in this place.
 C = Inter-level travel time spent in this place.
 D = Time resting spent in this place.
 E = Time spent auto-exploring this place.
 F = Levels seen in this place.
 G = Mean time per level.
                   A        B        C        D        E       F      G
               +--------+--------+--------+--------+--------+-----+--------+
         Total |  14542 |  14361 |    181 |   1304 |  10113 |  12 | 1211.8 |
       Dungeon |  14542 |  14361 |    181 |   1304 |  10113 |  12 | 1211.8 |
               +--------+--------+--------+--------+--------+-----+--------+

Top non-repeatable levels by time:
    D:10: 2315 daAuts
     D:7: 1429 daAuts
     D:3: 1403 daAuts
     D:2: 1371 daAuts
     D:6: 1359 daAuts
     D:5: 1295 daAuts
     D:1: 1284 daAuts
     D:9: 1280 daAuts
     D:8: 1153 daAuts
     D:4: 1124 daAuts
    D:12: 383 daAuts
    D:11: 138 daAuts
